 Dungeon Crawl Stone Soup version 0.21.1-1-g345015f (webtiles) character file.

71 Fang the Skirmisher (level 4, -1/29 HPs)
             Began as a Gargoyle Berserker on June 20, 2018.
             Was a Believer of Trog.
             Slain by firebrand's ghost (11 damage)
             ... on level 3 of the Dungeon.
             The game lasted 00:01:46 (1725 turns).

Fang the Skirmisher (Gargoyle Berserker)            Turns: 1725, Time: 00:01:47

Health: -1/29      AC:  8    Str: 21    XL:     4   Next: 24%
Magic:  4/4        EV: 12    Int:  8    God:    Trog [**....]
Gold:   58         SH:  0    Dex:  9    Spells: 3/3 levels left

rFire    . . .     SeeInvis .   a - +0 hand axe
rCold    . . .     Gourm    .   (no shield)
rNeg     + . .     Faith    .   b - +0 animal skin
rPois    ∞         Spirit   .   (no helmet)
rElec    +         Reflect  .   (no cloak)
rCorr    .         Harm     .   g - +2 pair of gloves
MR       .....                  (no boots)
Stlth    +.........             (no amulet)
HPRegen  0.09/turn              (no ring)
MPRegen  0.09/turn              (no ring)

@: about to teleport
A: negative energy resistance 1, electricity resistance, unbreathing,
petrification resistance, rot immunity, AC +3
a: Berserk, Trog's Hand, Burn Spellbooks, Renounce Religion


You were on level 3 of the Dungeon.
You worshipped Trog.
Trog was pleased with you.
You were hungry.

You visited 1 branch of the dungeon, and saw 3 of its levels.

You collected 58 gold pieces.

Inventory:

Hand Weapons
 a - a +0 hand axe (weapon)
Armour
 b - a +0 animal skin (worn)
 g - a +2 pair of gloves (worn)
Jewellery
 h - an uncursed ring of stealth {unknown}
Scrolls
 f - a scroll of identify {unknown}
 i - 2 scrolls of random uselessness {unknown}
 k - a scroll of enchant armour {unknown}
 l - a scroll of noise {unknown}
Potions
 j - a potion of magic {unknown}
 m - a potion of cancellation {unknown}
Comestibles
 c - 7 rations


   Skills:
 + Level 4.2 Fighting
 + Level 3.5 Axes
 + Level 2.3 Armour
 + Level 2.0 Dodging
 + Level 0.4 Stealth


You had 3 spell levels left.
You didn't know any spells.

Dungeon Overview and Level Annotations

Branches:
Dungeon (3/15)

Altars:
Dithmenos

Annotations:
D:3 firebrand's ghost, novice GrFi


Innate Abilities, Weirdness & Mutations

You are resistant to torment.
Your stone body is resilient. (AC +3)
You are immune to poison.
You resist negative energy. (rN+)
You are resistant to electric shocks. (rElec)
You can survive without breathing.
You are immune to petrification.
You are immune to rotting.


Message History

You are too injured to fight recklessly!
You are too injured to fight recklessly!
You are too injured to fight recklessly!
You are too injured to fight recklessly!
You are too injured to fight recklessly!
You are too injured to fight recklessly!
You are too injured to fight recklessly!
You are too injured to fight recklessly!
You are too injured to fight recklessly!
You are too injured to fight recklessly!
As you read the scroll labeled OMYUGIXT TAZYN, it crumbles to dust.
You feel blessed for a moment.
It was a scroll of remove curse.
The orc shouts!
The hobgoblin barely misses you.
Firebrand's ghost hits you but does no damage.
As you read the scroll labeled HORROA UJEPNO, it crumbles to dust.
You feel strangely unstable.
It was a scroll of teleportation.
The hobgoblin closely misses you. The orc hits you with a club.
Firebrand's ghost hits you!
You die...

#.# #.#.# ##.###.#.#
.#.# ..
..........###.#.#...
###.#####...#.#.#...
........##.#.......
#.#.####†##.#.......
.........##.#.......
.........##.#W...o..
............@g.o....
.............o.....o
#.#####.###)##......
. #)# #w# ...... #..
#.# ..... #.. #.#
##### .. #.# #.# #.#


You could see a worm, an orc priest (wandering), firebrand's ghost, 3 orcs and a
hobgoblin.

Vanquished Creatures
  Terence (D:2)
  An adder (D:2)
  3 leopard geckos
  2 goblins
  5 hobgoblins
  3 jackals (D:2)
  4 kobolds
  A quokka (D:2)
  3 bats (D:1)
  3 frilled lizards
  8 rats
34 creatures vanquished.

Notes
Turn   | Place    | Note
-------+----------+-------------------------------------------
     0 | D:1      | Fang the Gargoyle Berserker began the quest for the Orb.
     0 | D:1      | Reached XP level 1. HP: 14/14 MP: 1/1
   425 | D:1      | Reached XP level 2. HP: 20/20 MP: 2/2
  1048 | D:2      | Noticed Terence
  1055 | D:2      | Killed Terence
  1055 | D:2      | Reached skill level 4 in Fighting
  1055 | D:2      | Reached XP level 3. HP: 24/24 MP: 3/3
  1133 | D:2      | Found a shadowy altar of Dithmenos.
  1382 | D:2      | Reached XP level 4. HP: 28/29 MP: 4/4
  1419 | D:2      | Reached ** piety under Trog
  1719 | D:3      | Noticed firebrand's ghost (novice GrFi)
  1725 | D:3      | Slain by firebrand's ghost

Skill      XL: |  1  2  3 |
---------------+----------+-----
Fighting       | 4 |  4.2
Axes           | 3 |  3.5
Dodging        | 2 |  2.0
Armour         | |  2.3
Stealth        | |  0.4

Action                   |  1- 3 |  4- 6 || total
-------------------------+-------+-------++-------
Melee: Hand axe          |    85 |    24 ||   109
Invok: Berserk           |     1 |       ||     1
  Use: Scroll            |       |     2 ||     2
  Eat: Chunk             |     2 |     1 ||     3
Armor: Animal skin       |    43 |    12 ||    55
Dodge: Dodged            |    60 |    14 ||    74
